Workbook

Sheet Instructions

Sheet BasicExtraction
A1: ID | B1: Coder | C1: FirstAuthor | D1: Year | E1: Title | F1: Journal | G1: Language | H1: References | I1: Study Design | J1: JBITool | K1: FundingSource | L1: Setting | M1: Participants | N1: Country | O1: TheoreticalApproach | P1: AnalyticalApproach | Q1: PrimaryOutcomes | R1: SecondaryOutcomes | S1: Results | T1: Notes
A2: 001 | B2: MKS | C2: Babatunde | D2: 2018 | E2: Evidence flowers: An innovative, visual method of presenting "best evidence" summaries to health professional and lay audiences | F2: Research Synthesis Methods | G2: English | H2: 39 | I2: Qualitative interviews and questionnaires | J2: JBIQual | K2: Centre of Excellence grant from the Arthritis Research UK and the National Institute for Health Research (NIHR) under its Programme Grants for Applied Research scheme. Part funded by NIHR Collaborations for Leadership in Applied Health Research and Care West Midlands | L2: 3? stakeholder workshops related to ENHANCE trial 1 stakeholder workshop related to Stratification and Targeted Treatment of Musculoskeletal conditions STarT MSK (Also random feedback from 2 people engaged with NIC) | M2: 21 clinicians (11), researchers (5), epidemiologists (3), health service/trial managers (2) in text it said 'Policy decision makers, commissioners, health service managers, and patient representatives' | N2: England (Keele University) | O2: None described | P2: None described | Q2: Accessibility, acceptability, and engagement; - recognition and understanding of key messages presented in the evidence flowers, ease of access to and perceived value of the evidence flowers, and preferred summary formats | R2: - | S2: Evidence flowers were perceived by most participants in the stakeholder workshops to have helped in stimulating discussions around the body of evidence. Engagement and accessibility barriers related to the speed of use, recall and retention of information contained in systematic review and clinical guidelines were considered, at least partly, overcome with the use of evidence flowers. Based on the cases presented in this paper, 5-6 petals appear to be the optimal number of petals feasible for printed versions of the evidence flowers. Feedback has included issues such as “colours are too feminine”, and the intuitive association of lighter colours with low quality evidence versus darker colours with high quality evidence by users | T2: -
A3: 002 | B3: MKS | C3: Buljan | D3: 2018 | E3: No difference in knowledge obtained from infographic or plain language summary of a Cochrane systematic review: three randomized controlled trials | F3: Journal of Clinical Epidemiology | G3: English | H3: 29 | I3: Randomized controlled trial | J3: JBIQuant | K3: Croatian Science Foundation, grant no. IP-2014-09-7672 ‘‘Professionalism in Health Care’’ | L3: Online survey | M3: 3 groups of users University students (n = 171; not eligible) 99 Consumers (members of Association for the Promotion of Patients' Rights and the RODA Parents in Action consumer group for pregnancy and parenting) (45 infographic; 54 PLS) 64 Doctors (25 infographic, 18 PLS, 21 SA) | N3: Croatia | O3: None described | P3: Percentages (gender, awareness of Cochrane SRs, prior use of Cochrane library, primary source of health information, specialization, PhD degree, academic position Medians and IQR (age and health numercy); Median and 95 CI (knowledge, reading experince, user-friendliness scores) Aggregated Cronbach's alpha (scales measuring reading experience, user-friendliness and health numercy) Kruskal-Wallis nonparametric tests and post hoc Conover-Iman tests (group comparison) Logistic regression (to determine significant predictors for primary outcome; Participants were classified into ‘‘lower’’ or ‘‘higher’’ group in relation to the median value of each summary format group. Regression coefficient was expressed as Cox and Snell R^2.2 The covariates used as predictors were sample characteristics, including health numeracy, reading experience, and user friendliness scores. KruskaleWallis test and post hoc ConovereIman test (differences between groups across trials were tested using for infographic and PLS formats, and ManneWhitney test for SA. We also performed t-tests across the trials to compare the effects of infographic vs. PLS on the measures of knowledge, reading experience, and user-friendliness. Effect sizes were expressed as Cohen’s d [19]. | Q3: Understanding/knowledge of key messages of summary formats (retention). Asessed as a score on a test with 10 questions (maximum score 10). Questions were open-ended and focused on learning and remembering the benefits and risks of the intervention and the quality of evidence described in the systematic review. | R3: Reading experience and user-friendliness (assessed by 5-question surveys measured on a 10-point Likert type scale ranging from 1- do not agree at all to 10- fully agree with a maximum score of 50 for each scale) | S3: Group 2: Consumers -- No significant differences between the infographic and PLS groups in the knowledge test score (Table 2). Reading experience in the PLS group was lower than for the infographic 33.0 (28.0e36.0) 22.5 (19.0e27.4) <0.001 and user friendliness was higher in infographic group than PLS 30.0 (25.5e34.5) 21.0 (19.0e25.0) p<0.001. A significant predictor of the knowledge score was awareness about Cochrane systematic reviews (OR 5 5.33; 95% CI: 1.71e16.62), explaining 13.4% of the variance. Group 3: Doctors -- There were no significant differences among the three groups in the knowledge score (Table 2). However, the group that read the SA had significantly lower scores on the measures of reading experience and user-friendliness of the material (Table 2). None of the demographic characteristics or secondary outcomes significantly predicted the knowledge test score. | T3: -
A4: 003 | B4: MKS | C4: Buljan | D4: 2020 | E4: Comparison of blogshots with plain language summaries of Cochrane systematic reviews: a qualitative study and randomized trial | F4: Trials | G4: English | H4: 25 | I4: Focus groups (RCT not eligible) | J4: JBIQual | K4: Croatian Science Foundation | L4: In person groups in Split and Zagreb, Croatia. | M4: n = 20; 7 medical students, 4 doctors (emergency, dental, respiratory, pathology), 9 patients (members of NGO) (RCT: 238, 78 med students, 160 regular patients) | N4: Croatia | O4: None described | P4: Constant comparative approach | Q4: Health information seeking behavior, preference for and feedback on presentation format | R4: - | S4: Participants in the focus groups favored brief and explicit CSR summary formats with fewer numbers.' But results are not presented per relevant group (doctors and patient reps). Only doctor-specific information = 'doctors reported that they have too many patients on a daily basis and are therefore unable to give them enough attention in order to present them with more treatment options, advice on changing health habits, and/or explanations about evidence in health.' patient-specific info = 'patients wanted to find clear cut answers to health questions, which science can rarely provide, and they did not understand the concept of study quality.' Qual study: 5 common themes emerged - (1)Trust in the health information source, (2)prefer internet as primary source of health information and other source of information, (3) difficulty within layman in comprehending numbers and understanding uncertainties, (4) doctors and patients communication issues in giving best treatment, (5) recommendation to health information to be easily available, structures, consistent in presentation, explicit, brief, using plainlanguage and numbers presented in a table or/and visually. If visual information is needed, it should be limited to single table and/or image. | T4: -
A5: 004 | B5: MKS | C5: Busert | D5: 2018 | E5: Facilitating evidence uptake: Development and user testing of a systematic review summary format to inform public health decision-making in German-speaking countries | F5: Health Research Policy and Systems | G5: English | H5: 38 | I5: User tests using 'think aloud' method with semi-structured interview | J5: JBIQual | K5: Bavarian Health and Food Safety Authority; Lower Austria Health and Social Fund; Swiss School of Public Health | L5: Participant's workplaces in Germany, Austria, and Switerland | M5: 18 Public health decision-makers (at national, regional PH institutions) in Germany, Austria, and Switzerland (6 each) affiliated with different | N5: International (Germany, Austria, Switzerland) | O5: 1-3-25 strategy developed and used by the Canadian Health Services Research Foundation | P5: Manual coding deductive thematic analysis (based on framework for user experience by Morville and adapted by Rosenbaum) | Q5: Credibility, usability, understandibility, usefulness, desirability, findability, identification, and accessibility (Value initially included but dropped as it was covered by the other themes) | R5: Barriers | S5: Overall the format was well-received; particularly appreciated the key messages, the section ‘Relevance for public health practice’ and to have information readily available in their own language. Difficulties with understanding statistical terms and their wish for a less information-dense structure. more difficult to address, for example, the expressed need for recommendations and contextual information. Participants generally appreciated the inclusion of a SoF table and stated that the provision of GRADE ratingconveyed credibility to the information (but preferred graphics only, eg no 'moderate' rating) The summary format was well-received; participants particularly appreciated receiving information in their own language. They generally found the summary format useful and a credible source of information, but also signalled several barriers to a positive user experience such as an information-dense structure and difficulties with understanding statistical terms. Many of the identified challenges were addressed through modifications of the summary format, in particular by allowing for flexible length, placing more emphasis on key messages and relevance for public health practice, expanding the interpretation aid for statistical findings, providing a glossary of technical terms, and only including graphical GRADE ratings. Some barriers to uptake, notably the participants’ wish for actionable recommendations and contextual information, could not be addressed. | T5: -
A6: 005 | B6: MKS | C6: Carrasco-Labra | D6: 2016 | E6: Improving GRADE evidence tables part 1: a randomized trial shows improved understanding of content in summary of findings tables with a new format | F6: Journal of Clinical Epidemiology | G6: English | H6: 21 | I6: (Noninferiority) Randomized controlled trial | J6: JBIQuant | K6: The Cochrane Methods Innovation Fund and GRADE Center at McMaster University. | L6: Online survey | M6: 291 randomized (in flow diagram) 290 in text 284 completed entire survey 122 Health professionals working in primary, secondary, or tertiary care (50%+ time) 42 Clinical practice guideline developers (at least 1 CPG in last 2 years) 120 Researchers (>70%+) | N6: International (Europe, North America, South America, and Asia) (doesn’t break this down; only gives language in table 4) | O6: None described | P6: Descriptive analysis -- participants’ baseline characteristics and outcomes, means and mean difference (MD) standard deviations (SD) for continuous variables, and proportions for categorical variables. Understanding -- Multiple logistic regressions per question (comparing two groups for the proportion of participants correctly answering each question separately) with Bonferroni correction Accessibility of information -- compared mean answer and SD with 95% CI and Bonferroni correction Satisfaction -- proportion of participants satisifed with items in Table A/B per group Preference -- linear regression (controlling for order of presentation) All models considered participant strata, years of experience, familiarity with GRADE, previous education | Q6: Understanding (correct comprehension of key findings in the table; 7 MC questions with 5 response options) | R6: Accesibility of information (three self-reported domains: (1) how easy it was to find critical information in the table, (2) how easy it was to understand the information, and (3) whether the information was presented in a way that is helpful for decision making. Measured on 7 point likert scales; overall accessibility assessed with 5 point likert) Satisfaction (dichotomous outcome at item level asking which formatting items satisfied them the most. 6 questions?) Preference (7 point likert prefer a to b) | S6: Compared to the standard summary of finding (SoFs) table, a new format of SoF tables with seven alternative items improved understanding of risk differences and helped with interpreting results and was similar to the current SoF table regarding other items in the understanding domain. In particular, our results suggest that the following formatting changes (1) exclusion of the N of participants’ and studies’ column and the location of this data with the outcome, (2) the presentation of quality of evidence, also known as confidence in the estimates of effect or certainty in the evidence, along with the reasons for downgrading in the same column, (3) the use of the label ‘‘explanations’’ heading the footnotes, (4) the presentation of baseline risk and corresponding risk expressed as percentages, (5) the exclusion of the comments column, (6) the inclusion of a column exclusively dedicated to showing the risk difference or the MD and its 95% CI, and (7) the inclusion of a new column describing the results and the quality of the evidence using a narrative statement (‘‘what happens’’ column). Of seven items testing understanding, three showed similar results, two showed small differences favoring the new format, and two (understanding risk difference and quality of the evidence associated with a treatment effect) showed large differences favoring the new format [63% (95% confidence interval {CI}: 55, 71) and 62% (95% CI: 52, 71) more correct answers, respectively]. Respondents rated information in the alternative format as more accessible overall and preferred the new format over the current format. | T6: -
A7: 006 | B7: MKS | C7: Dobbins | D7: 2004 | E7: A knowledge transfer strategy for public health decision makers | F7: Worldviews on Evidence-Based Nursing | G7: English | H7: 30 | I7: Focus groups | J7: JBIQual | K7: Canadian Institutes of Health Research | L7: 7 Canadian cities (Halifax, Montreal, Ottawa, Winnipeg, Calgary, Edmonton, and Vancouver) (assuming in person) | M7: 46 participants in 9 focus groups. Medical officers of health (15%), program managers or coordinators (30%), program directors (24%), and decision makers from provincial or federal ministeries (30%) | N7: Canada | O7: Modified grounded theory approach | P7: Inductive thematic analysis | Q7: Preferences for content, format, and channels for receiving research knowledge | R7: - | S7: Key themes: information needs, limited time, credibility and reliabitliy, information quality and timing, applicability and customizbility, mode of delivery, opportunities for training and education. Provide relevant and timely evidence in a reliable and consistent way and must give decision makers options for customizing how the information will be received. Minimize the time required to locate, appraise, synthesize, and incorporate research evidence into deicison making; Make readily available, easy-to-use, and customized sources of research evidence Limited time, credibility and reliability, information quality and timing, applicability and customizability, mode of delivery (electronically is more preferable than hard copy), opportunities for training and education | T7: -
A8: 007 | B8: MKS | C8: Hartling | D8: 2017 | E8: Fit for purpose: Perspectives on rapid reviews from end-user interviews | F8: Systematic Reviews | G8: English | H8: 27 | I8: Semi-structured interviews | J8: JBIQual | K8: Agency for Healthcare Research and Quality | L8: Semi-structure interview with US organizations | M8: n = 8. Key informants representing: guideline developers (n = 3), health care providers/health system organizations (n = 3), research funders (n = 1), and payers/health insurers (n = 1). | N8: USA | O8: Grounded theory | P8: Content analysis | Q8: End-user perspectives on the utility and limitations of rapid products including evidence inventories, rapid responses, and rapid reviews. Our objectives were to: (1) What makes end-users trust and value an evidence synthesis, and whether this varies by the nature of the decision being made; (2) End-user impressions of different rapid products with a focus on acceptability and usability (e.g., impressions with respect to strengths and limitations; trade-offs in terms of approaches they would find acceptable to alter to increase efficiencies; and their perceptions of risks for answers being “wrong” or information that might be missed); (3) Where/when/how end-users might use rapid products and whether this varies by the nature of the decision being made. | R8: - | S8: strong preference for the following review methods and characteristics: use of evidence tables, quality rating of studies, assessments of total evidence quality/strength, and use of summary tables for results and conclusions. “A lot of times you’ll do good summary tables, and that’s probably where I would look…” [payer] “The work development teams in our clinical programs are more concerned with what’s the summary of the evidence.” [provider] End-users liked to see the outcome data, methodological quality, and strength of evidence summarized in a readable and readily accessible form (e.g., formats that “front-load” the information you need with additional “information that you can go to if you have specific questions”). | T8: -
A9: 008 | B9: MKS | C9: Hartling | D9: 2018 | E9: Development and Usability Testing of EPC Evidence Review Dissemination Summaries for Health Systems Decisionmakers | F9: Agency for Healthcare Research and Quality (US) | G9: English | H9: 9 | I9: Think aloud user testing (semi-structured) | J9: JBIQual | K9: Agency for Healthcare Research and Quality | L9: Think aloud interview by telephone | M9: n = 6 decision makers from Strategic Clinical Networks (clinician-led teams that develop and implement evidence-informed health improvement strategies within a province-wide fully integrated health system). 1 Senior Medical Director, 1 Scientific Director, 2 Executive Directors, and 2 Assistant Scientific Directors | N9: Canada | O9: Think aloud method grounded in cognitive psychological dn education research? | P9: Thematic anaalysis | Q9: Exploratory. Preferences for extent of information, length and formtting, and technical content (Themes from analysis: Content, layout, design, and usability ) End-user perspectives on the usability of summaries | R9: - | S9: Decisionmakers preferred a 3-page summary with key messages, details on results, meaningful figures/tables, and strength of evidence; detailed methods and contextual information were less important | T9: -
A10: 010 | B10: MKS | C10: Marquez | D10: 2018 | E10: Enhancing the uptake of systematic reviews of effects: what is the best format for health care managers and policy-makers? A mixed-methods study | F10: Implementation Science | G10: English | H10: 36 | I10: Think aloud semi-structured interviews | J10: JBIQual | K10: Canadian Institutes of Health Research | L10: Telephone | M10: 12, 5 health care managers and 7 PMs | N10: Canada | O10: None described | P10: Content analysis; mixed-methods triangulation technique (meta-matrix) | Q10: Exploratory. Themes: content of new format; layout; aesthetics, usability Perceptions on usability of formats - Health care manager novel format (Format A) and policy maker novel format (Format B). Content, layout, graphics | R10: - | S10: They valued the inclusion of sections such as background, key messages, but exhibited differing opinions on other sections HCMs appreciated the level of detail in the methods and the inclusion of the funding and limitations sections, PMs did not perceive these components as critical information. HCMS liked addition of definitions and link to the data source PMs liked pub year and list of authors, more headings to key messages (separate ideas) and description of who produced the summary Most participants favored the use of bullets throughout, sufficient white space, information in 2 columns instead of a single column/row, inclusion of icons Content: Both language was clear and concise, like inclusion of sections such as background, key messages. HCMS: good level of detail in the methods, inclusion of funding and limitations sections. Suggested improvements - definition of RR, CI and link to data source. PMs: methods, inclusion of funding and limitations section not necessary. Suggested improvements - publication year, list of authors, seperate key messages with headings and description of who produced the summary. Layout: Preference for use of bullrt points, information summarized on 1–2 pages, ‘white space', information displayed in two columns, blue colours, use of icons. Usability: Format A SUS score 85.5, Format B SUS score 86.4 | T10: -
A11: 011 | B11: MKS | C11: Mustafa | D11: 2015 | E11: Decision-Making about Healthcare Related Tests and Diagnostic Strategies: User Testing of GRADE Evidence Tables | F11: PLoS ONE | G11: English | H11: 14 | I11: One-on-one user testing | J11: JBIQual | K11: German Insurance Fund agency and Methods Innovation Fund from the Cochrane Collaboration | L11: In person or teleconference/phone | M11: 20 participants. Researchers, health professionals, and guideline developers | N11: International (unclear breakdown) | O11: None described. "little existing theory to guide our analysis" | P11: basic content data anlaysis' with deductive coding | Q11: presentation and formatting, content, comprehensiveness, usefulness and accessibility of results User perspectives about the most useful and best possible presentation of information in tables | R11: - | S11: Almost all participants preferred summarizing the results of systematic reviews of test accuracy in tabular format rather than plain text. Users generally preferred less complex tables but found presenting sensitivity and specificity estimates only as too simplistic. modifying table layout and adding sample clinical scenarios for each prevalence reduced this confusion. Providing information about clinical consequences of testing result was viewed as not feasible for authors of systematic reviews. Format 1: participants unanimously noted that they did not prefer it. Formats 2 and 3: Participants generally liked this format but did not have a clear preference for arranging TP, TN, FP and FN in any specific order. Format 4: Some respondents noted that this format represents clinicians’ implicit thinking in terms of changes in post-test probability based on a test result. Others noted that this format with likelihood ratios and probabilities is a more difficult format to use and takes more time to interpret, especially for those who are not familiar with accuracy measures. | T11: Only extracting information from user testing (fourth round) as that is the component that assessed the acceptability of the format. can be difficult to be sure the results are from the user testing
A12: 012 | B12: MKS | C12: Newberry | D12: 2013 | E12: Reporting the Findings of Updated Systematic Reviews of Comparative Effectiveness: How Do Users Want To View New Information? | F12: Agency for Healthcare Research and Quality (US | G12: English | H12: 10 | I12: 2 Focus groups with questionnaires; 3 Individual expert feedback/interviews (couldn't find time for focus group) | J12: JBIQual | K12: Agency for Healthcare Research and Quality (contracted out to RAND corporation and Southern California Evidence-based Practice Center) | L12: Conference calls | M12: n = 15. 3 focus groups 1) 7 participants: 1 director of research (private insurer); 1 physician/administrator (HMO); 1 academic clinician (with experience conducting and using evidence reviews); 2 physicians with guideline experience; 1 research assistant involved in guidelines setting; 1 member of RAND’s Office of External Affairs. 2) 5 participants: 1 director at the Food and Drug Administration (FDA); 1 director of a U.S. Department of Agriculture-funded university research center; 1 FDA staff scientist; 1 researcher involved in policymaking at the Centers for Medicare & Medicaid Services; 1 former congressional staffer with experience in health policy. 3) 3 community primary care physicians with no academic appointments (couldn't find a time that worked for all so this was just individual feedback) | N12: USA | O12: None described | P12: None described | Q12: User needs and preferences for formats. Perspectives on usability of a range of formatting methods for showing the changes from original to updated systematic review | R12: - | S12: Policymakers who rely on CERs and other systematic reviews as the basis for policy (including health insurance companies, health care organizations, research funders, and guideline makers) expressed the need to see changes in review process as well as outcomes clearly marked, (with changes in outcomes and conclusions preferably shown in graphic form), while at the same time having access to the entire set of data and the analyses on which the conclusions were based. The small group of clinicians preferred to see the skeleton of the report (Key Questions, conceptual framework, inclusion/exclusion criteria) as well as the outcomes and conclusions presented entirely in graphic form for ease of reading.Yet whereas policymakers need access to the entire data set and analyses that comprise a systematic review (the original and the update), all users benefit from summaries that clearly show what changed in as succinct a format as possible, preferable in graphic form. During the discussion, participants all agreed that they would want to see what had changed. Version 2: Gray shading was not very helpful. "There are two kinds of readers: people who just want to know what to do, and people who want to know why. For people who just need to know what to do, you could put the changes in bold. For those who want to know why, show the evidence behind the changes, secondarily." Version 3: Rated poorly by all responsdents. Version 4: During the discussion, they agreed that for a report with only narrative result, the narrative summary table would be more useful than the quantitative table (and vice versa). They also reiterated the point that many clinicians would want to see only the new conclusions but that anyone involved with setting guidelines would want to see both the old and the new information. Suggestions: show how the new findings contributed to changing the conclusions; using color coding or different fonts to increase the salience of what changed; and including some wording that would put the changes in context, show why conclusions changed - providing the tables with version 1 or 2 of the summary would not suffice. Skeletal report: The consensus was that more information was needed than the format allowed. They reiterated that it would be important to emphasize what changed and to provide adequate information for the reader to understand the reasons for the changes. | T12: -
A13: 013 | B13: MKS | C13: Opiyo | D13: 2013 | E13: Comparison of Alternative Evidence Summary and Presentation Formats in Clinical Guideline Development: A Mixed-Method Study | F13: PLoS ONE | G13: English | H13: 26 | I13: Randomized controlled trial and interviews | J13: Both | K13: Wellcome (2 diff awards) | L13: RCT: In person workshop. Interviews: face-to-face | M13: 70 participants. Multidisciplinary guideline development group members including 32 paediatricians, 11 medical officers, 7 nursing officers, 5 researchers, 4 healthcare worker trainers, 3 clinical officers, 2 pharmacists, and 1 administrator. Subsample of 16 participated in interviews | N13: Kenya | O13: Formats 'guided by theoretical frameworks on information transfer for non-research audiences' | P13: RCT: logistic and linear regressions with interactions Interviews: thematic analysis | Q13: Proportion of correct responses to key clinical questions | R13: Clarity of presentation and ease of locatin the quality of evidence for critical neonatal outcomes (Composite endpoint measured on 3 or 5-point scale) | S13: There were no differences between groups in the odds of correct responses to key clinical questions (adjusted ORs: pack B versus A 0.59, 95% CI 0.32 to 1.07; pack C versus A 0.66, 95% CI 0.36 to 1.21). ‘Graded-entry’ formats were associated with a higher mean composite score for clarity and accessibility of information about the quality of evidence for critical neonatal outcomes compared to systematic reviews alone (adjusted mean difference 0.52, 95% CI 0.06 to 0.99). There was no difference in the mean composite score between SR with SoF tables and SR alone. Findings from interviews with 16 panelists indicated that short narrative evidence reports were preferred for the improved clarity of information presentation and ease of use. | T13: -
A14: 014 | B14: MKS | C14: Perrier | D14: 2014a | E14: A usability study of two formats of a shortened systematic review for clinicians | F14: BMJ Open | G14: English | H14: 44 | I14: Think aloud focus groups | J14: JBIQual | K14: Canadian Institutes of Health Research | L14: In person | M14: 10 family physicians | N14: Canada | O14: None described | P14: Content analysis | Q14: Exploratory. Usability (round 3) | R14: - | S14: Case scenario completion, task not completed: Number of studies contributing to meta-analysis: Cycle 1: 100%, Cycle 2: 100%, Cycle 3: 40% Locate evidence rating scale: Cycle 3: 20% Locate adverse event information: cycle 2: 33% State ‘take-home message’: Cycle 1: 100% Report explanation for odds ratio: Cycle 2: 33% Treatment for ocular rosacea: Cycle 2: 33%, Cycle 3: 40% Number of studies contributing to review: Cycle 1: 50%, Cycle 2: 66%, Cycle 3: 20% Changes made to prototype: -Number of studies contributing to meta-analysis Iteration/ Errors: Cycle 1=2 errors – Change made: Heading moved from right-hand side to left-hand side, Cycle 2=3 errors – Change made: Text in heading bolded, Cycle 3=2 errors – Change made: No further changes -Locate evidence rating scale Iteration/ Errors: Cycle 3=1 error – Change made: No changes made - review of transcripts indicated misinterpretation of question -State ‘take home message’ Iteration/ Errors: Cycle 1=2 errors – Change made: Question re-worded to ‘summary or take-home message’ - Report explanation for odds ratio Iteration/ Errors: Cycle 2=1 error – Change made: Information on bottom of document distinctly separated by adding boxes or white space - Treatment for ocular rosacea Iteration/ Errors: Cycle 2=1 error – Changes made: i) Text: colour changed from red to black; capitalized; made larger, and ii) Information on bottom of document distinctly separated by adding boxes or white space, Cycle 3=2 errors – Change made: No further changes -Number of studies contributing to review Iteration/ Errors: Cycle 1=1 error – Change made: Efforts focused on making number of studies in the meta-analysis distinct, Cycle 2=2 errors – Change made: Efforts focused on making number of studies in the meta-analysis distinct, Cycle 3=1 error – Change made: No further changes | T14: -
A15: 015 | B15: MKS | C15: Perrier | D15: 2014b | E15: An iterative evaluation of two shortened systematic review formats for clinicians: a focus group study. | F15: Journal of the American Medical Informatics Association | G15: English | H15: 41 | I15: Focus groups | J15: JBIQual | K15: Canadian Institutes of Health Research | L15: In person focus groups | M15: 32 Primary Care Physicians (16 in round 1 and 16 in round 2) | N15: Canada | O15: None described | P15: Inductive content analysis and constant comparison. Field notes and focus group transcripts were reviewed, and a thematic approach was taken in the evaluation of the qualitative data. | Q15: Exploratory. User experience | R15: - | S15: Round 1: Three major themes emerged in Round 1 of the focus groups: (1) ease of use; (2) clarity; and (3) implementation. Under ease of use there were two subthemes convention and prominence and completeness, and under clarity there were four subthemes Organizing information, Rating evidence, credibiltiy and language. Four themes emerged in Round 2 of the focus groups: (1) ease of use; (2) clarity; (3) brevity; and (4) implementation. | T15: -
A16: 016 | B16: MKS | C16: Rosenbaum | D16: 2010a | E16: Summary-of-findings tables in Cochrane reviews improved understanding and rapid retrieval of key information | F16: Journal of Clinical Epidemiology | G16: English | H16: 36 | I16: Randomized controlled trials (2) | J16: JBIQuant | K16: Unclear | L16: Evidence-based practice workshop with newcomers to evidence snythesis (RCT1) and a Cochrane Collaboration entities meeting (RCT2) | M16: RCT1: 72 workshop participants and tutors (health care professionals who were 'beginners' in evidence-based health care, most did not have English as their first language. RCT2: 33 staff from Cochrane entities (review group coordinators, trial search coordinators and Centre staff), most did not have English as their first language. | N16: International (Europe) | O16: None described | P16: mean rating of accesilbity with standard deviation. Differences assessed with Pearson’s chi-square | Q16: RCT 1: user satisfaction/accessibility RCT 2: correct comprehension about the risks of symptomless deep vein thrombosis (DVT) with and without compression stockings for people at low risk.and time spent finding key results | R16: RCT1 - Secondary analyses of the other questions in the questionnaire were intended primarily to help explain and interpret the results of the primary analysis | S16: In two small trials we found that inclusion of a SoF table in a review improve understanding and rapid retrieval of key findings compared to reviews with no SoF table. RCT1 - Participants reading reviews that included the SoF table were more likely to respond that: The results and quality of evidence were easy or very easy to find and to understand; The main findings were easy to understand; and The main findings were accessible. These differences ranged from 12% to 28% and were not statistically significant, except for two measurements: the ease to find results for important outcomes (without SOF 40%(21-59) vs. with SOF 68% (55-81)) and the perceived accessibility of the quality of the evidence (without SOF 17%(2-32) vs. with SOF 41% (27-56)).Eighty-one percent agreed or strongly agreed that Cochrane reviews should include SoF tables, 65% with the proposed format; 75% found the explanation sheet helpful. RCT2 - There were large differences in the proportion that answered correctly questions about the risk in the control group (44% vs. 93%, P=0.003) and the risk in the intervention group (11% vs. 87%, P<0.001). There were also large differences in actual time spent and the proportion that agreed or strongly agreed; hence, it was easy to find information about the quality of evidence for the main outcomes (24% vs. 73%, P=0.005, Pearson’s chi-square). Most participants were positive about including the SoF tables and the format. Eighty-eight percent agreed or strongly agreed that Cochrane reviews should have SoF tables; 84% agreed with the format proposed, and 77% said that the explanations were helpful. Most (67%) preferred placing SoF tables after the abstract. | T16: -
A17: 017 | B17: MKS | C17: Rosenbaum | D17: 2011 | E17: Evidence summaries tailored to health policy-makers in low- and middle-income countries | F17: Bulletin of the World Health Organization | G17: English | H17: 50 | I17: Semi-structured interview user testings | J17: JBIQual | K17: European Commission’s 6th Framework Programme Priority and Global Health Research Initiative of the Canadian Institutes of Health Research | L17: Think aloud protocol, semi-structured interviews, individual sessions lasting one hour | M17: 18 policy-makers in Argentina (6), China (3), Colombia (3), South Africa (3), Uganda (3). Health policy-makers and managers at different levels. One test participant had full-time medical school employment; the other 20 were primarily senior staff members involved in national or international health service or policy-related work in health departments, national insurance programmes, hospitals or aid organizations. The working group conducted three pilot user tests with participants from Norwegian government agencies involved in LMIC development projects and made further improvements based on these results. | N17: International (Argentina, China, Colombia, South Africa, and Uganda). Pilot testing in Norway | O17: user experience model (Honeycomb model) developed by Morville | P17: Unclear. Thematic aligned with Morville. Two researchers from the working group performed separate analyses and identified barriers or facilitators to favourable experiences of the summary according to the user experience framework. Authors then compared and reconciled analyses and sorted the findings according to summary section (e.g. front page) or general theme (e.g. language). | Q17: Exploratory. User experience framework has 6 facets (findability, credibility, usability, usefulness, desirability, and value) | R17: - | S17: Policy-makers liked a graded entry format (i.e. short summary with key messages up front). They particularly valued the section on the relevance of the summaries for LMICs, which compensated for the lack of locally-relevant detail in the original review. Some struggled to understand the text and numbers. Three issues made redesigning the summaries particularly challenging: (i) participants had a poor understanding of what a systematic review was; (ii) they expected information not found in the systematic reviews and (iii) they wanted shorter, clearer summaries. Solutions included adding information to help understand the nature of a systematic review, adding more references and making the content clearer and the document quicker to scan. Of the six facets we explored from the user experience framework, those pertaining to usefulness, usability and credibility yielded the most important findings. Usefulness: 16/21 participants reported that the evidence summary would be useful to them if they had to make a decision on the subject treated in the summary. Some respondents expressed unmet expectations probably stemming from a poor understanding of the nature of a systematic review. Specifically, they expected content lying outside the scope of a review: recommendations, outcome measurements not usually included in a review, detailed information about local applicability or costs and a broader framing of the research enquiry. Useability: Five participants felt that the summary was not comprehensive enough. However, six wanted a shorter, clearer presentation. Some participants felt that tables running over two pages were cumbersome to read and that the abbreviations caused confusion. Participants also compared the numbers in the text with those in the tables and became confused if they did not correspond precisely. The use of jargon and/or unfamiliar vocabulary posed a barrier (e.g. “scaling up” was not understood to include financial considerations). Credibility: Two responded said they because it was “well written”. Twelve answered that they would trust it because they perceived it as coming from credible sources. However, not everybody understood that the summary stemmed from a systematic review. Some expressed confusion about authorship (partner logos appeared on the last page). Some also expressed reduced interest in the content when they discovered that the quality of the evidence was low, that no evidence for important outcomes existed or that the studies were old. One participant was confused about how a high-quality review could be compatible with low-quality evidence. Value: Seventeen participants felt that summaries of the kind presented to them would be valuable to policy-makers holding positions similar to theirs. Desirability: Fourteen participants said they liked the summary, particularly the front page with key messages and the section on the relevance of the evidence and the intervention for LMICs. Seven reacted positively to the table describing the characteristics of the reviews. Five participants said that they liked the framing of the title as a question. Findability: When asked where they would expect to find these summaries, seven participants answered “in face-to-face meetings”. Many mentioned the web sites of the World Health Organization, the Pan American Health Organization, the Cochrane Collaboration, health ministries and universities. Changes to the summary were carried out to address three issues (i) participants’ poor conceptual understanding of systematic reviews; (ii) participants’ expectations that they would receive information not found in the systematic reviews; and (iii) participants’ expressed desire for shorter, clearer summaries. Thirteen participants responded to the follow-up questions. All preferred the new format and said that they found it easier to read, primarily because of the new front-page design and the addition of the meta-information boxes. | T17: -
A18: 018 | B18: MKS | C18: Rosenbaum | D18: 2010b | E18: User testing and stakeholder feedback contributed to the development of understandable and useful Summary of Findings tables for Cochrane reviews. | F18: Journal of Clinical Epidemiology | G18: English | H18: 46 | I18: Think aloud user tests | J18: JBIQual | K18: Unclear | L18: Unclear, assuming in person individual. Brainstorming workshops, advisory group feedback, user testing | M18: 21 health professionals and researchers | N18: International (Norway and UK) | O18: Morville model of user experience | P18: Unclear? Findings were rated in three categories according to the severity of the problem. One designer and one researcher reviewed all the notes and transcriptions together, looking for barriers and facilitators to the six facets of user expeirence and tracing findings back to the elements or characteristics of the tables that appeared to cause problems. Findings were rated in three categories according to the severity of the problem: high (critical errors such as incorrect interpretation or high degree of uncertainty or dissatisfaction), medium (much frustration or unnecessarily slow use), and low (minor or cosmetic problems).The authors also registered things users explicitly liked and suggestions for improvement. These findings were discussed in the brainstorming workshops, particularly those of high severity. For some issues, specific input was sought from the advisory group. | Q18: User experience (7 facets in model) | R18: - | S18: User testing revealed unexpected comprehension problems, mainly confusion about what the different numbers referred to (class reference). Brainstorming workshop: As input from the advisory group and the user tests became available, the main focus in the brainstorming workshops became more apparent: to address the tension between achieving precision and simplicity. Tables that included enough information to meet the precision goals of the advisory group tended to be too complicated for participants to understand or want to read. There was, therefore, a continuous reevaluation about what information was most critical to include, and much effort was spent trying to find solutions that accommodated both perspectives. Advisory group: In general, the advisory group was concerned with presenting information in a form that they thought users would understand. However, there was some resistance to taking this too far. User testing: During the first set of tests, we found several problems that we ranked as high severity. After modifying the table several times, we tested a new version. No findings in the high severity category were observed in this second set of user tests. The findings that led to most changes in the table were concentrated in two of the seven facets of the user experience model: usability and usefulness. -Usability: participants misunderstood or were uncertain about a range of elements including: dichotomous outcomes; continuous outcomes; number of studies; meaning of ‘‘no data available’’ or empty cells; terms used in column headings; abbreviations. -Usefulness: Participants offered suggestions for changes that would make the tables more useful in a clinical setting. These included; Specifying the population, setting, intervention, and control group at the top of the table. Describing the intervention in more detail. Adding the inclusion criteria for high- and low-risk populations. Including a clear recommendation. -Credibility: Eighteen of 21 test persons indicated that their perception of the credibility of the table was directly related to the GRADE ratings. -Findability: Most participants indicated that an SoF table should be near the front of the review, near the abstract. -Desirability and value: Fourteen of 21 participants said that the table would be a valuable addition to Cochrane reviews. -First impressions vs. exposure over time: Although 11 of 21 participants felt that the table contained large amounts of information, this was not necessarily negative. Some said that they expected a learning curve for this kind of information and were confident that they would find these tables easier to read upon repeated exposure. | T18: Only extracted information on user testing
A19: 020 | B19: MKS | C19: Steele | D19: 2021 | E19: Mental health clinicians views of summary and systematic review utility in evidence-based practice | F19: Health Information and Libraries Journal | G19: English | H19: 32 | I19: Semi-structured interviews | J19: JBIQual | K19: Tees, Esk and Wear Valleys NHS Foundation Trust | L19: Unclear | M19: 7 mental health clinicians (2 psychiatrists, 3 nurses, 1 clinical psychologist and 1 OT) | N19: England | O19: None described | P19: Framework approach (dual deductive and inductive) | Q19: Exploratory | R19: - | S19: Three inter-related themes of 1) issues of time; 2) skill, knowledge, and strategies; and 3) conceptual issues and application of evidence | T19: -
A20: 021 | B20: MKS | C20: Totten | D20: 2019 | E20: Improving Access to and Usability of Systematic Review Data for Health Systems Guidelines Development | F20: Agency for Healthcare Research and Quality (US) | G20: English | H20: 49 | I20: Semi-structured interviews | J20: JBIQual | K20: Agency for Healthcare Research and Quality (contracted out to Pacific Northest Evidence-based Practice Center) | L20: Oregon Health Sciences University health system | M20: 7 key stakeholders 1 department director 4 health system content experts 2 responsible for guideline development and implementation through Office of Clinical Integration and Evidence-based Practice (clinicians and members of guideline committees) | N20: USA | O20: None described | P20: As with the initial interviews, we met as a team to discuss feedback and came to a consensus on the key themes arising in the evaluations.' Thematic analysis: authors met as a team to discuss emergent themes across all four interviews, and arrived at a consensus as to the key takeaways. | Q20: Accesibility and usability | R20: Indentify interactive methods for use | S20: Neither of the two tools we tested were able to fulfill both core functionalities. The second round of health system content expert interviews provided positive feedback on the products, aesthetically as well as for their potential functionality functionality. Respondents perceived Tableau as ideal for content experts reviewing data, as the functionality allows users to query the data in multiple ways. Respondents perceived MAGICapp as the better choice for multidisciplinary groups or decision makers less familiar with the data, given the tool’s organized structure and capacity for explanatory text. initial stakeholder interviews: the four health system content experts noted they had used evidence summaries alongside other sources of information for guideline development, but the data were presented in static tables and figures in handouts and on PowerPoint® slides. Experts also cited the volume of data in tables as a barrier, as well as the perception that the data were not always tailored to the population or setting that was the target for the guidelines. The key theme that emerged from these interviews was the need for data formatted in a way that allowed “drill down” and “slice and dice” approaches, which could potentially address the need for more accessible and interactive data. In the “drill down” approach, users could move vertically through layers of information from general, overall assessments of the evidence on a topic to more detailed information as needed. In the “slice and dice” approach, users could move vertically and horizontally through data, grouping information by variables of interest (e.g., populations, interventions, or outcomes) in ways that might differ from those presented in the report. MAGICapp: -Benefits: No back-end work or special expertise needed to set up, Structure matches organization of EPC report, which may be ideal for clinicians less familiar with the topic, Approachable format with capacity for detailed narrative, Provides substantial detail on individual studies, An evidence “ecosystem,” connecting evidence summaries with guidelines and clinical decision models, Collaborates with BMJ, Cochrane, and others, Published reports are free and publicly available, accessible from any location. -Limitations: Structure is fixed to reflect analysis done in the EPC report, Narrative may still be dense, depending on report contents, Current presentation not as conducive to continuous variables as dichotomous outcomes, Current reference management requires some manual editing, does not allow exports, Uses GRADE methods and criteria, not AHRQ, Potential for conformance to Web Content Accessibility guidelines (WCAG 2.0 AA) is undetermined; the producer is looking into this question. -Considerations for Future Use: EPCs will have to revise data abstraction and analysis formats to allow for smooth importation, MAGICapp will have to update identified issues relevant to evidence summary publication, AHRQ will need to support EPC investment in MAGICapp to add AHRQ “strength of evidence” criteria to the platform or convert to GRADE criteria. Tableau®: -Benefits: Flexible structure, end users can tailor and explore dataset based on their needs – allows clinicians to ask questions in multiple ways, Dashboard updates in real time when data are adjusted or added, Visual format with capacity for minimal text or statistics allows a quick overview of data for content experts, Designs can be shared or used as templates across EPCs, Used by learning healthcare systems for analytics and real-time monitoring, Dashboards are free and publicly available, accessible from any location, Recommends best practices for building data views that conform to the Web Content Accessibility guidelines (WCAG 2.0 AA) -Limitations: Expertise needed for set up, Less detail included on individual studies in visual displays, Difficult to display data that does not fit within a conventional format, Limited capacity for narrative content, The application allows the interfaces and displays to be customized, but there are limits to the queries that can be run -Considerations for Future Use: EPCs will have to revise data abstraction and analysis formats to allow for smooth importation, EPCs may want to consider including separate tabs with guidance on interpreting statistical measures, population characteristics in the study, and strength of evidence ratings, Tableau will have to work with EPCs to develop effective means of communication for unique data formats, AHRQ will need to support EPC investment in data analysts/research staff willing to learn or have experience in designing visualizations of data | T20: Not extracting data on the initial interviews as it's not focused on formatting or a certain presentation
A21: 022 | B21: MKS | C21: Yepes-Nunez | D21: 2019 | E21: Development of the summary of findings table for network meta-analysis | F21: Journal of Clinical Epidemiology | G21: English | H21: 38 | I21: Semi-structured interviews | J21: JBIQual | K21: McMaster GRADE Center. Endowed Michael Gent Chair in Healthcare Research | L21: Video or telephone interviews | M21: 32 users: 21 methodologists, 5 MA users, 6 clinicians. stakeholders who conduct or use NMA | N21: International (unclear breakdown, meetings held in Colombia, Canada, and South Korea) | O21: User experience model (Honeycomb model) developed by Morville | P21: Hseieh and Shannon's directed content analysis (deductive) aligned with Morville's Honeycomb model; Inductive coding for whatever wasn't captured in the initial coding scheme | Q21: User experience (Honeycomb model developed by Morville) | R21: - | S21: Users found a final NMA-SoF table that included the following components highly acceptable: (1) details of the clinical question (PICO), (2) a plot depicting network geometry, (3) relative and absolute effect estimates, (4) certainty of evidence, (5) ranking of treatments, and (6) interpretation of findings. Initial working group: They reported concerns including distracting box colors, failure to clearly highlight the certainty of evidence, omission of ranking treatment information and network geometry, failure to clearly identify the reference comparator intervention, and deficiencies in reporting the absolute effects and their interpretation in the NMA context. GRADE working group members also reported missing information regarding the direct and indirect estimates. At the end of the meeting, some users suggested seeing all the interventions compared with a single reference intervention in only one two-by-two table (or league table). Brainstorming meeting: The steering committee decided which elements should be included and which elements were less important to include. We restructured the NMA-SoF table to display the NMA relevant information for one outcome, including relative and absolute effect estimates, certainty of the evidence, and ranking probabilities for all the comparisons using a single comparator with the interventions displayed in rows. User testing: -first impressions: Users found the relative and the absolute effects, the certainty of evidence, and the interpretation of findings the most engaging sections. Users found inclusion of the network geometry and different colors for each intervention appealing because they easily identified each intervention in the network geometry and the table. They found that displaying this information by outcome was clear and attractive considering a high number of interventions. The users found that presenting a single outcome per NMA-SoF table more readable than alternatives that included more than one outcome per NMA-SoF table. Users noted the drawback, however, in a clinical decision context, of having to refer to several NMA-SoF tables rather than a single one, one for each outcome. -Usability:Users, in general, found it easy to use the NMA-SoF table when we presented the information with the clinical context. Presenting the information of NMA relative and absolute effects without the direct and indirect estimates was attractive for most users. -Accessibility: Users found the information in the NMA-SoF table (PICO information, network geometry, NMA relative effects, and so on) easily accessible, and they did not report any substantial difficulties accessing to the information. For NMA-SoF tables with fewer than six comparisons, a single page was sufficient, and users worked on the table without any accessibility issues. However, in the examples with more than six interventions, the table did not fit onto a single page, and users expended more time understanding the information in the NMA-SoF tables. Some users expressed concerns about the chosen colors and suggested that we should consider the needs of users with color visual impairment. In response, the final NMA-SoF table format will not include red and green to avoid issues with the most common color blindness. -Usefulness: In a clinical decision scenario, users reported that a single NMA-SoF table was useful. Users found all the components of the NMA-SoF table helpful, but some aspects, including the network geometry and the certainty of evidence assessment, were particularly helpful. -Credibility: In general, users found the information reported in the NMA-SoF table trustworthy because they were able to identify information about the NMA relative effect, the absolute effect, and the certainty of evidence in a same NMASoF table format. Users made suggestions about how to increase the value of the table by adding some information. For instance, the number of randomized controlled trials (RCTs) included in direct estimates of a specific intervention and the numbers of participants in a specific pairwise comparison were two additional characteristics added in response to this feedback. We added information in the NMA relative effect estimate column that explains if the estimate was from the direct, indirect, or both bodies of evidence. -Findability: Users did not report challenges locating the information in the NMA-SoF table that included the PICO section and the network graph that oriented users to the reference comparator. Because some users were unfamiliar with. NMA terminology, we added a section with NMA definitions and explanations for all abbreviations. -Desirability and value: Users did not report negative emotional reactions and expressed a need to have SoF tables accompanying NMA reports. Users noted that this NMA-SoF table can be part of an NMA publication but also can be used in a clinical practice guideline context. -Understandability: In the first round of interviews, we received feedback to improve the understanding of the information reported in the network diagram, the ranking probabilities, and the interpretation of findings. For the network diagram, we increased the size of the circles (which represent individual interventions) and added an abbreviation label for the interventions. We kept the solid lines linking the interventions that were directly compared. We reported, for each intervention, along with the absolute effect for the population in the studies, an additional row with baseline risk information taken from an observational study. Users did not completely understand the report of two rows with baseline risk information for one intervention in the context of an NMA. We presented two approaches to reporting NMA-SoF rankings: the probability of being the best intervention for each outcome, and SUCRA. In general, users had issues understanding the information reported about the ranking, regardless of the approach used. SUCRA was the most appealing format for most; users suggested adding the uncertainty of the information with corresponding credible intervals. The last column of the NMA-SoF table was labeled as ‘‘what happens.’’ This term is used in a regular current pairwise comparison GRADE SoF table. Users had some difficulty understanding the label, which we changed to ‘‘Interpretation of Findings.’’ During the second round of interviews, we added information including the setting population (PICO component), the number of RCTs, as well as the number of participants for each direct pairwise comparison, the GRADE domain for downgrading the certainty of evidence, the median rank with the credible intervals for each intervention, and a section of NMA definitions in the lowest part of the table. Users understood each of these elements of the NMASoF table. We presented two baseline risk information in two rows for each intervention. Users, although they expressed their familiarity with baseline risk information reported in pairwise SoF tables, did not understand the presence of two baseline risk information for each intervention in the context of an NMA. The NMA-specific definitions in the footnotes facilitated understanding of NMA nomenclature. In the third round, users easily understood the source of the NMA relative effect estimate and the information regarding the anticipated absolute effects when we kept only the information for the population in the studies, that is, one baseline risk for each intervention. However, they suggested modifying the labels of the columns that display the anticipated absolute effects as: ‘‘with [reference comparator],’’ ‘‘with intervention,’’ and ‘‘difference.’’ -Other suggestions: Users suggested adding explanations of the GRADE assessment judgments in the context of NMA, using plain language that facilitates optimal understanding. | T21: Only extracting information from user testing (3rd round)

Sheet TiDiER
A1: TidierNum | B1: TidierItem | C1: =BasicExtraction!C2 &BasicExtraction!D2 -> Babatunde2018 | D1: =BasicExtraction!C3 &BasicExtraction!D3 -> Buljan2018 | E1: =BasicExtraction!C4 &BasicExtraction!D4 -> Buljan2020 | F1: =BasicExtraction!C5 &BasicExtraction!D5 -> Busert2018 | G1: =BasicExtraction!C6 &BasicExtraction!D6 -> Carrasco-Labra2016 | H1: =BasicExtraction!C7 &BasicExtraction!D7 -> Dobbins2004 | I1: Hartling2016/2017 | J1: =BasicExtraction!C9 &BasicExtraction!D9 -> Hartling2018 | K1: =BasicExtraction!C10 &BasicExtraction!D10 -> Marquez2018 | L1: =BasicExtraction!C11 &BasicExtraction!D11 -> Mustafa2015 | M1: =BasicExtraction!C12 &BasicExtraction!D12 -> Newberry2013 | N1: =BasicExtraction!C13 &BasicExtraction!D13 -> Opiyo2013 | O1: =BasicExtraction!C14 &BasicExtraction!D14 -> Perrier2014a | P1: =BasicExtraction!C15 &BasicExtraction!D15 -> Perrier2014b | Q1: =BasicExtraction!C16 &BasicExtraction!D16 -> Rosenbaum2010a | R1: =BasicExtraction!C17 &BasicExtraction!D17 -> Rosenbaum2011 | S1: =BasicExtraction!C18 &BasicExtraction!D18 -> Rosenbaum2010b | T1: =BasicExtraction!C20 &BasicExtraction!D20 & " " & BasicExtraction!#REF! &BasicExtraction!#REF! -> #REF! | U1: =BasicExtraction!C21 &BasicExtraction!D21 -> Yepes-Nunez2019
A2: T1 | B2: How. Provide the name or a phrase that describes the intervention | C2: Evidence flowers (plus ES summary table) evaluated at workshops via questionnaires and informal interviews. Focus: musculoskeletal conditions | D2: 3 parallel randomized controlled trials comparing PLS, infographic, and SA. Focus: external cephalic version for breech presentation | E2: Infographics and plain language summaries discussed at focus groups. Focus: external cephalic version for breech presentation | F2: German-language 4 page summary with SoF table and GRADE ratings. Focus: portion, package, or tableware size for changing selection an consumption of food, alcohol, and tobacco | G2: RCT comparing GRADE SoF to new version. Focus: Probiotics for the prevention of pediatric antibiotic-associated diarrhea | H2: Focus groups with a 'summary statement' and Canadian decisionmakers. Focus: tobacco control | I2: Semi-structured interviews on 'rapid products' (evidence inventory, rapid response, rapid review) . Focus: venous thromboembolism | J2: Think aloud telephone interviews of 3-page summary (1st page stand alone) Focus: mental health care for children and adolescents; first and second generation antipsychotics in children and young adults | K2: 3 Phase mixed methods P1: survey and semi-structured interviews (not eligible, just gave opinions on normal SR to inform prototype development) P2 : prototype development (not eligible) P3: semi-structured interviews. (paper based summary document) Focus: Coordination of care to reduce use of health care services | L2: One-on-one user testing. Paper based GRADE evidence tables. Focus: test accuracy systematic reviews | M2: Focus groups using 5(actually 7) differently formatted executive summaries of a comparative effectiveness review (2001) and its update (2008). Focus: Acute otis media | N2: Paper based summary document Focus: feeding regimens in sick newborns, hand hygiene for infection prevention, and kangaroo care for low birth weight babies | O2: Think aloud focus groups with family physicians and 3 rounds of iterations of 2 prototypes (case based and evidence based) that represented a shortened version of a full-length systematic review Focus: rosacea | P2: Focus groups with prototypes and PCPs Focus: Rosacea | Q2: 2 RCTs Cochrane review with or without SoF table (limited or full formatting) Focus: deep vein thrombosis | R2: User tests and interviews. Short summaries. Focus: working with the private sector for child health, integrating primary health services in LMICs, impact of payment method on PCP behavior, expanding roles of outpatient pharmacists, lay health workers in primary and community health care | S2: User testing with SoF tables with healthcare professionals and researchers Focus: deep vein thrombosis in airline passengers | T2: Interviews about MAGICapp and Tableau Focus: CER on noninvasive nonpharmacological treatments for chronic pain | U2: NMA SoF table with NMA producers/users Focus: network meta-analysis (NMA)
A3: T2 | B3: Why. Describe any rationale, theory, or goal of the elements essential to the intervention | C3: The aim of this exploratory research was to develop and evaluate the accessibility and acceptability of visual summaries for presenting evidence syntheses with multiple exposures or outcomes to professional and lay audiences. Evaluation and feedback techniques were used to observe the use of the evidence flowers and collect comments from the diverse groups involved in order to refine the design of the evidence flowers for presenting research evidence. | D3: The aim of our study was to compare information presentation in an infographic with that in standard PLS and SA formats, in terms of gaining knowledge about research results presented in a Cochrane systematic review. | E3: The aim of this study was to explore consumers’ preferences for different summary formats of CSRs and suggestions on how it could be improved (findings informed RCT). We wanted to determine whether information needs to be presented in native language to be understood. | F3: Our objectives were to develop a summary format suitable for public health decision-makers in Germany, Austria and Switzerland, and to undertake formal user-testing. The aim is to obtain a better understanding of the user experience, to observe the users’ problems with the product, to collect their suggestions and to improve the product on the basis of the structured observations and participant feedback. In non-English speaking countries, the language of the full systematic reviews often constitutes an additional barrier to accessing evidence | G3: We conducted a randomized controlled trial among systematic review users to compare the relative merits of a new format with the current formats of SoF tables regarding understanding, accessibility of information, satisfaction, and preference. Our primary goal was to show that the new format is not inferior to the current format | H3: The purpose of this study was to discover public health decision makers' preferences for content, format, and channels for receiving research knowledge so as to begin development of a comprehensive national public health knowledge transfer strategy. | I3: the goal of this project was to understand end-user perspectives on the utility and limitations of rapid products including evidence inventories, rapid responses, and rapid reviews | J3: 1. To develop dissemination summaries based on AHRQ EPC evidence reviews, and to evaluate the summaries, and their components, for usability among health systems decisionmakers. 2. To evaluate the dissemination summaries, and their components, for usability among key decisionmakers within Alberta SCNs. | K3: A three-phased approach was used to evaluate the determinants to uptake of systematic reviews of effects and the usability of an innovative and a traditional systematic review of effects format. our objectives were to collaborate with knowledge users (i.e., HCMs and PMs) to identify intrinsic barriers and facilitators to using systematic reviews of effects and to develop and test the usability of prototypes of systematic review of effects formats that better meet the needs of these knowledge users. | L3: To develop guidance on what information to include and how to present it in tables summarizing the evidence from systematic reviews of test accuracy following the Grading of Recommendations Assessment, Development and Evaluation (GRADE) approach. | M3: To remain useful, comparative effectiveness reviews (CERs) and other systematic reviews require periodic updating. Although several studies have been conducted assessing when and how to update, no research has been conducted on optimal formats for presenting the results to users. The aim of the present study was to gather the input of various users of CERS regarding the usability of a range of formatting methods for showing the changes from the original to the update report. | N3: Best formats for summarising and presenting evidence for use in clinical guideline development remain less well defined. We aimed to assess the effectiveness of different evidence summary formats to address this gap. | O3: The aim of this study was to evaluate the usability of two formats of a shortened systematic review for clinicians. Searching, identifying and retrieving evidence-based resources paired with the lack of time experienced by busy clinicians is consistently identified as an obstacle to answering clinical questions.5–10 One solution to this obstacle is to create resources that use explicitly formulated methodological criteria so that information can be validated and refined in order to be read quickly | P3: To conduct a series of focus groups with primary care physicians to determine the optimal format of a shortened, focused systematic review | Q3: To measure the effects of a Summary of Findings (SoF) table on user satisfaction, understanding and time spent finding key results in a Cochrane review | R3: To describe how the SUPPORT collaboration developed a short summary format for presenting the results of systematic reviews to policy-makers in low- and middle-income countries (LMICs). | S3: To develop a Summary of Findings (SoF) table for use in Cochrane reviews that is understandable and useful for health professionals, acceptable to Cochrane Collaboration stakeholders, and feasible to implement | T3: The objectives of this Evidence-based Practice Center (EPC) pilot project were (1) to identify the information needs of health systems guideline/protocol developers; (2) to assess existing, off-the-shelf software or Web platforms that would allow creation of interactive presentations of systematic review data in formats that would address the identified needs, and (3) to test the ability of selected software/platforms to make the large amount of data included in a recent systematic review of chronic pain management more accessible for decision makers at Oregon Health & Science University. Our objective was to identify and test interactive methods to make the large amount of data included in the chronic pain report more accessible for decision makers at OHSU, without distorting the information, losing clinically meaningful information, or requiring excessively large amounts of staff time. AHRQ’s Evidence-based Practice Centers (EPCs) conduct systematic reviews for use by groups including professional organizations, healthcare organizations, and federal agencies to inform clinical practice, guidelines, policy, and research priorities. The substantial quantity of data in these reports may hinder how and when the evidence is used; to date, few research studies, evaluations, or reviews exist on tools to capture and present the wealth of evidence in an accessible way for a range of end users. AHRQ engaged EPCs in developing and testing dissemination approaches and products using data from existing EPC reports. By repackaging EPC review findings in a new formats, our ultimate goal is to enhance uptake of review findings to inform guideline and policy work in learning healthcare systems. | U3: The aim of the study was to develop a Grading of Recommendations, Assessment, Development and Evaluation (GRADE) summary of findings (SoF) table format that displays the critical information from a network meta-analysis (NMA). Irrespective of adherence to standards, the optimal presentation of NMA remains uncertain and challenging, particularly when the alternatives are numerous. Although SoF have proved extremely helpful for summarizing evidence from conventional systematic reviews, creating a similarly useful SoF for NMAs presents many challenges, and no one has thus far suggested a structure. Therefore, in response to the challenge of optimally NMA findings presentation, we developed and tested a novel format for GRADE NMA-SoF tables.
A4: T3 | B4: What. Materials: Describe any physical or informational materials used in the intervention, including those provided to participants or used in intervention delivery or in training of intervention providers. Provide information on where the materials can be accessed (such as online appendix, URL). Survey is available in certificate. | C4: Evidence flowers (plus ES summary tables) were provided to participants. The figures within the paper show the flowers. Questionnaire is in appendix. For STarTMSK workshop, accessibility, acceptability and engagement were explored via structured questionnaires (Appendix 1). The questionnaires were adapted from existing studies 29,30 and required responses from participants regarding experience of interpreting research evidence and evidence-based medicine skills, recognition and understanding of key messages presented in the evidence flowers, ease of access to and perceived value of the evidence flowers, and preferred summary formats. Evidence flowers were not formally assessed using questionnaires for the ENHANCE stakeholder workshops. However, feedback from stakeholders not only informed modifications to the evidence flowers, but was also used to refine the questionnaires used in the STarTMSK programme to gather more specific information during subsequent workshops. | D4: Online survey consisted of (1) demographic data, (2) presentation of a randomly assigned summary format, (3) knowledge test on the information given in the summary, (4) questions about perceived user-friendliness of information presentation and overall reading experience with the summary format, and (5) health numeracy test. The intervention was delivered via the Survey Monkey platform (https://www.surveymonkey.com/). All materials were in Croatian (see English translation in Additional File 1/Appendix at www.jclinepi.com). | E4: Participants were presented with four summary formats in total: two info graphics, one in Croatian and one in English; and two plain language summaries, one in Croatian and one in English. (Available in appendix). 7 questions asked on interview and can be found in the article. Patient 'reps' were familiar with summary topics through previous engagement in a trial | F4: German-language prototype summary format (title, background, key messages, inclusion criteria, main characteristics of studies included). Pg 2/3 Summary of Findings (SoF) table (with feasibility, acceptability, equity, differential effects of subgroups, risks, resource costs, and value for money) with GRADE rating. Page 4 = relevance for decision makers box (subgroup diffential effects, funding, COI, relevance for PH practice and further info with references, authors, and relevant web-links). Available in supplemental files. The interview guide (Additional file 3) was based on the framework for user experience by Morville [32], which was adapted by Rosenbaum [33]. | G4: Participants were first exposed to one table containing either the new or current format and the outcomes under standing, accessibility of information, satisfaction, and preference were assessed. In the final phase of data collection, we assessed participants’ preference for the new or the current format by showing the table to which they were not initially allocated. Online "Survery Monkey" system | H4: The content of the summary statement focuses on: (1) the scope of the problem in Canada, (2) the results of the review, and (3) implications for public health policy and practice. The summary statement was mailed to public health decision makers electronically and in hard copy. Directions were provided on how the full review could be accessed online or by hard copy. | I4: prior to the interview call, participants were sent the interview questions and samples of rapid products (evidence inventory, rapid response, rapid review, and full EPC evidence report) that would be discussed. All 4 items are cited in the paper. The workgroup developed the interview guide, consisting of open-ended questions (Additional file 1: Appendix B), | J4: TABLE 1 gives full description. Mental health care: Colourful, infogrpahic style, no key messages, key questions, analytical framework, background on page 2, eligibiity criteria table, applicability section, no research gaps, methods, key findings with table, figure, strength of evidence. Antipsychotics: two-tone, key messages, no key questions, no analytical framework, background on page 1, no eligibiity criteria, no applicability section, research gaps, limited methods, narrative findings with table, figure, strength of evidence. We also alternated which product was discussed first to ensure that we gathered detailed information on each. Prior to the interviews we sent participants the summaries and asked that they spend time (at least 10-15 minutes) reading through them prior to the call. The interviews were completed by telephone and were digitally recorded. The interviews lasted approximately 60 minutes each. | K4: Participants were provided with a prototype based on group membership. (Additional file 1: Appendix S4) Health care manager novel format (Format A): blue color scheme, traditional content order, key messages, forrest plot. Policy maker novel format (Format B): blue color scheme highlighting different boxes of text, no forest plot, non traditional content order, key messages | L4: Shown 4 formats. 1. sensitivity and specificity estimates only, 2. individual TA numbers (true positives (TP), false positive (FP), true negative (TN) and false negative (FN)) organised based on test results (test positive and negative), 3. individual TA numbers (TP, FN, FP and TN) organised based on disease status (disease present or absent), and 4. likelihood ratios with pre- and post-test probabilities. | M4: 7 formats 1) 2001 executive summary with minimal necessary changes to update it to 2009 status (changes were not highlighted) 2) version 1 but changes highlighted in grey 3) revised 2001 executive summary to match 2009 ES using tracked changes (minus summary tables) -- not presented to groups 2/3 4) actual 2009 executive summary with tables that showed pooled effect sizes an total numbers of studies for each drug/drug combo (not presented to groups 2/3) 5) reformatted summary tables in version 4 to show changes from 2001 to 2009 in narrative text (no meta-analytic values) 6) updated version 4 which showed both quantitative and narrative tables. (Only presented to groups 2/3) 7 ) Mini-evidence review with very little text (scope, context, conceptual framework, quant tables for results of key questions, bullted lists for narrative results, limitations nad future recommendations) which mirrored one described by a focus group 1 participant (HMO physician manager) | N4: Format 1: systematic review alone (pack ‘A’, usual care) 2: SR with summary-of-findings tables systematic reviews with summary-of-findings tables (SR with SoF tables; pack ‘B’) 3: graded entry formats (front end summary and contextually framed narrative report plus the SR). (pack ‘C’). Pack C had 3 elements (webappendix S1): front-end concise summaries, followed by a locally prepared, short, contextually framed, narrative report in which the results of the systematic review (and other evidence where relevant) were described and locally relevant factors that could influence the implementation of evidence-based guideline recommendations (e.g. resource capacity) were highlighted. | O4: The first format includes a case study to present contextualised information (case-based format), and the second format integrates evidence and clinical expertise (evidence-expertise format) Usability of the prototypes was assessed using three cycles of iterative testing. 10 participants were asked to complete tasks of locating information or items within two prototypes and ‘think aloud’ while being audio taped. Interviews were also audio recorded and participants completed a systematic usability scale. The participants were given the choice of viewing and testing the prototypes on a laptop brought by the investigator or on their own computer | P4: Prototypes for two formats of a shortened systematic review were developed and presented to participants during focus group sessions. Format one: case-based format; two: evidence-expertise format prototypes. At each focus group, a paper copy of the full-length systematic review and the two shortened formats were given to all participants. Participants were given time to become familiar with the full-length systematic review at the beginning of the session. After this, they were asked to examine the prototypes of the two shortened formats and give explicit suggestions on various aspects of the proposed format (such as the layout, the division and organization of information, major content sections), and to give recommendations for the best possible method of presenting the results of a systematic review. | Q4: Participants were randomized to three groups: · the review without SoF table, · the review with SoF table (placed after the abstract) with limited formatting (as would be possible in current Cochrane review SoFtware), or · the review with SoF table (placed after the abstract) with full formatting (as might not be possible in current Cochrane review SoFtware). | R4: Participants chose one of five possible summaries to read at their own pace. think-aloud protocol using a semi-structured interview guide. Individual sessions lasted one hour and included one participant, one interviewer and one note-taker. The interviewer then guided them through each part of the document, prompting them to think aloud. The interview guide was based on a framework for user experience with six facets. | S4: Copy of different versions of SOF table | T4: Mocked up MAGICapp and Tableau interfaces available in an appendix. MAGICapp required less time and skill to mock up, as the data were entered manually into the Web-based platform, while Tableau required more time and a staff member with knowledge of informatics such as the ability to set up the relational databases for the dashboard. MAGICapp parameters required the data output to follow the structure of the pain review and allowed users to drill down to granular detail; Tableau allowed users to explore evidence without adhering to the organization of the review, but could not provide the granularity found in MAGICapp. | U4: All semistructured interviews took approximately 1 hour and included three sections. (1) background information of the users; (2) users’ reactions to the NMA-SoF table including their first impressions, their needs, and understanding of the information; and (3) an overall evaluation. In the user testing interviews, users viewed either a paper or electronic version of an NMA-SoF table. Users received two NMA-SoF tables simultaneously during the fourth round of interviews.
A5: T4 | B5: What. Procedures: Describe each of the procedures, activities, and/or processes used in the intervention, including any enabling or support activities | C5: Evidence flowers were presented at workshops, revised, then presented in a series of expert consensus group meetings | D5: The infographic format of a Cochrane systematic review summary represented the experimental intervention in the trial. The control groups were presented with the PLS (in all 3 trials) or the SA (students and doctors). The participants were asked to read one of the summary formats, followed by the survey, which started with a numeracy test to ensure sufficient delay so that the knowledge test was not completed immediately after reading the summary. The consumers in trial 2 were presented with either the infographic or the PLS, and the doctors in trial 3 were allocated to one of the three formats. The SA format was not presented to consumers because that format is not intended for use by lay populations. There were no time limits for reading the format or answering the questionnaire. | E5: 1 hour focus group. Homogenous (3 separate) 7 questions for the focus group were prepared in advance, and were identical for all three focus groups (questions are listed in manuscript). Participants were also permitted to discuss issues among themselves, expand on the themes from the questions, and support their statements with examples During the focus groups with students and doctors, only the lead researcher and the participants were present in the room. Participants were presented with four summary formats in total: two infographics, one in Croatian and one in English; and two plain language summaries, one in Croatian and one in English. Summary topics were: “External cephalic version for breech presentation before term” [11] and “External cephalic version for breech presentation at term” [12], which were used in our previous trial[9] and which were familiar to the participants from the RODA group. The questions for the focus group were prepared in advance, and were identical for all three focus groups. Participants were also permitted to discuss issues among themselves, expand on the themes from the questions, and support their statements with examples. Data analysis included the coding of transcripts, categorization of initial codes, and generation of themes. Focus group conversations were recorded with an audio recording device and transcribed to Microsoft Word by the principal investigator. | F5: User testing sessions were conducted face-to-face with individual participants and facilitated by one researcher at each site (LKB, MM, CK). At the start of the interview, the participant was given a printed copy of the prototype summary to read on their own. Using a semi-structured interview guide, the interviewer then led participants through each part of the document, encouraging them to keep up a running monologue. The sessions were audio-taped and the interviewer took notes on the participant’s monologue and on their observations of the user experience. Finally, the interviewers asked the participants additional questions, e.g. about barriers to the use of systematic reviews in their everyday working life and their familiarity with systematic reviews. | G5: After completing background information, participants who met the inclusion criteria were stratified as clinician, guideline developer, or researcher according to selfclassification. The collection of data was done automatically by the ‘‘Survey Monkey’’ system. As a way to conceal the nature of the SoF tables to which participants were allocated, the tables were labeled as A or B, without any other information about their content or the study hypothesis. Participants were first exposed to one table containing either the new or current format and the outcomes understanding, accessibility of information, satisfaction, and preference were assessed. In the final phase of data collection, we assessed participants’ preference for the new or the current format by showing the table to which they were not initially allocated. Once the data collection process was completed, the database was prepared for statistical analysis in a blinded fashion. If participants classified themselves in more than one category, we asked them to indicate the profile that represents them the best. We then randomly allocated them to one of the two SoF tables in a 1:1 ratio via the ‘‘Survey Monkey’’ platform. The randomization scheme was automatically generated by the platform. When direct comparison between the new and current format was required, the order in which the tables were shown to participants was randomly determined. | H5: 9 focus groups of 5-7 participants were held in 7 Canadian cities across 6 provinces (noted in discussion: 1 focus group had 1 person in it). Focus group interview guide is supplied in Figure 1 and has 9 questions. One moderator (KD) conducted all of the audiotaped focus groups, with an additional note-taker present two of the groups. | I5: 1 hour Semi-structured interview as a 'call' with individuals | J5: For each topic, we designed a three-page summary with the intent that the first page could potentially be a stand-alone one-page summary. It had key questions; methods including PICO elements; contextual information; applicability; research gaps; descriptions of strength of evidence ratings. Further, we attempted to vary the extent and type of images, text, tabular results, and graphs for communicating results | K5: Prototypes were emailed to participants who conducted usability testing using think aloud approach. Interviews were 30 minutes and were audio recorded | L5: Given in advance a pdf copy of all the SoF table formats to be evaluated | M5: Summaries were sent to participants 1 week prior to focus group/interview, along with brief questionairre to be returned day before the focus group.Results were discussed at the virtual focus group. Email questionnaire and focus group conference call | N5: Randomized to combination of format 1, 2, and 3 on different topics then given 45 minutes to complete questionnaires on outcomes. Followup interviews later were purposive and conducted in person | O5: After consent was obtained, participants were given instructions about the usability test. The participants were given the choice of viewing and testing the prototypes on a laptop brought by the investigator or on their own computer. Participants were given case scenarios along with the modified systematic reviews and asked to complete a task relevant to the scenario. Semistructured interviews were conducted and observations of their interaction with the reviews were recorded (LP). Participants were asked to 'think aloud' as they completed the task and these comments were audio recorded. Both prototypes were presented to each physician in a random order. Participants were asked a series of questions using a semistructured interview guide to learn about user satisfaction and ask for suggestions on improving the document. The final 8 participants completed the System Usability Scale (SUS) Sessions took between 50 and 60 min to complete the case scenarios, interview and System Usability Scale. | P5: 60 minute focus group at which both formats presented The first format used a clinical scenario to present contextualized information (case-based format), and the second format integrated evidence and clinical expertise (evidence-expertise format). prototypes for two formats of a shortened systematic review were developed in collaboration with a human factors engineer based on principles of user-centered design.18 The first format used a clinical scenario to present contextualized information (case-based format), and the second format integrated evidence and clinical expertise (evidence-expertise format). were developed using an explicit, rigorous process including a mapping exercise, a heuristic evaluation, and a clinical content review | Q5: Participants first answered the questionnaire based on the version of the review they had received. Then all participants were shown both formatting versions of the SoF tables and were instructed to answer a final set of questions measuring their preferences and attitudes about the inclusion Summary of Findings tables in reviews. In the second trial, the questionnaire was modified to include questions that measured actual understanding. We also asked participants to note how long it took them to find information. Structured discussions were carried out at the end of both trials. | R5: Think-aloud protocol using a semi-structured interview guide adopted a graded entry format consisting of key messages followed by a short abstract.13,34 The abstract deviated from a traditional academic format in that we replaced the methods section with a short description of review characteristics. In addition, we replaced the discussion section with one describing different aspects of the information’s relevance for LMICs. This section included the applicability of the evidence to LMIC settings, the impact of the approach or intervention on equity, the costs and other considerations involved in scaling up the intervention, and the need for further evaluation. Participants chose one of five possible summaries to read at their own pace. The interviewer then guided them through each part of the document, prompting them to think aloud | S5: SOF table undergoing several revision processes | T5: Interviews and presentations were conducted with six key stakeholders using the mocked-up example outputs with the chronic pain report data to elicit feedback and provide direction for future changes. To evaluate the developed product and its expected utility among potential end-users (decision makers in the OHSU health system), we conducted 30- to 60-minute, face-to-face unstructured interviews. During the interviews, Dr. Totten presented the rationale for the project and briefly demonstrated how each product worked. We encouraged the respondent to ask questions throughout the presentation. In addition, we asked each respondent to describe the overall impression of the products and to consider the most appropriate setting or user for each product. Both the initial and evaluation interviews were conducted to understand what decision makers wanted to see in dissemination products and how it should be formatted; in addition, we asked decision makers in the evaluation interviews to make suggestions on how to improve the format we developed (see Table 2 for comparisons of the two tools). | U5: We conducted this study in three phases: (1) an initial development of two draft NMA-SoF tables with feedback from GRADE working group members; (2) iterative modification of NMA-SoF table formats through four brainstorming meetings with researchers; and (3) user testing.
A6: T5 | B6: Who. For each category of intervention provider (such as psychologist, nursing assistant), describe their expertise, background, and any specific training given | C6: Five were researchers who were either involved with facilitating the workshop or directy involved in the evidence synthesis/development of evidence flowers and therefore not eligible)' Otherwise unclear | D6: Survey given online so no clear 'provider' | E6: Male interviewer with a degree in psychology and previous experience in qualitative research | F6: One researcher at each site (LKB, MM, CK) | G6: No provider. Survey Monkey survey | H6: Moderator (KD) conducted all the audiotaped focus groups with an additional note-taker present during two of the groups. KD (moderator) has a graduate degree and has been involved in knowledge transfer research among public health decision makers for 3 years. | I6: One workgroup member (J-MG) conducted all interviews between January and March 2015 using a semi structured interview guide designed to elicit a multi-faceted understanding of the value and uses of rapid products. interviewer is a physician scientist with extensive experience in quantitative and qualitative methods, including the production of systematic reviews, stakeholder engagement, and in-person and telephone interviews. | J6: The Research Associate with experience in qualitative research conducted the interviews. The UA EPC Director, Associate Director, Program Manager, and Research Coordinator were present. | K6: Conducted by two research coordinators (AMJ, SJ) | L6: Not described | M6: Not clear. | N6: Author NO | O6: PI | P6: Groups were led by a moderator and a research assistant to record observations | Q6: Unclear | R6: Unclear | S6: Not described | T6: Dr. Totten a PI from the Evidence-based Practice Center at OHSU | U6: Unclear
A7: T6 | B7: How. Describe the modes of delivery (such as face to face or by some other mechanism, such as internet or telephone) of the intervention and whether it was provided individually or in a group | C7: 3 workshops related to ENHANCE trial and 1 related to MSK. Face to face in a group of people during workshop | D7: 1 time individual online survey. Online open ended question (Survey Monkey) | E7: In person homogeneous face-to-face focus group | F7: Individual interviews face to face facilitated by one researcher at each site | G7: Individual online survey | H7: They list the 7 Canadian cities so the assumption is that the focus groups were in person. 9 focus groups of 5-7 participants (1 had 1 person in it) | I7: Unclear. Mention 'call' so assumption is telephone? The workgroup developed the interview guide, consisting of open-ended questions (Additional file 1: Appendix B), | J7: The individual interviews were completed by telephone and were digitally recorded. | K7: Prototypes were emailed to participants who conducted usability testing using think aloud approach. P3: Similar to phase 1, a ‘think aloud’ approach [19] was used, and participants were instructed to verbalize all thoughts and actions while examining a copy of the prototype. | L7: 1 hour user testing interview via telephone/video conference | M7: Focus group 1: approximately 4 weeks prior to the focus group, participants were contacted. 1 week prior the 5 versions were sent to participants with additional background on the project and a brief questionnaire (Appendix A). They were asked to return completed questionnaires by the day before the scheduled call. Responses were compiled and anonymously presented in PowerPoint slides. Results were shared with participants during the call adn they were asked for further feedback adn comments. Focus group 2: conducted identically to the first group. Except version 3 was updated to version 6 Group 3: communicated with participants individually. Given questionnaire and information priort and 'followed up to clarify responses'. Shown versions 1, 2, 6 and 7 | N7: Summaries were delivered to participants as pre-reading materials one month before the workshop. Participants completed questionnaires on the first day of the guideline development workshop before the panel discussions about guidance recommendations. RCT: in person between June 21, 2010 (Nairobi, Kenya national guideline development workshop 'child health evidence wek'). Individually completed and given 45 minutes to complete the questionnaire. Interviews: Individual face-to-face interiews were conducted between July and August 2010. They lasted 30-45 minutes | O7: 3 iterative cycles with 2-5 participants per iteration. The participants were given the choice of viewing and testing the prototypes on a laptop brought by the investigator or on their own computer | P7: In person. 3 focus groups in each round (6 total) with 4-6 participants in each. Face to face | Q7: Face to face individual questionnaires | R7: Individual reading of summary | S7: The user tests were performed individually and took 1 hour. With the participant’s written permission, we audio recorded each test, and an observer took notes. Using a semistructured interview guide, | T7: face to face individual guided demonstration | U7: recorded interviews face-to-face or by video chat and voice calls (e.g., Skype) with those who provided informed consent.
A8: T7 | B8: How. Describe the type(s) of location(s) where the intervention occurred, including any necessary infrastructure or relevant features | C8: Workshops all at Keele University. Structured questionnaire and verbalised feedback | D8: 1 time individual online survey via Survey Monkey | E8: The focus groups with medical students and doctors were held at the University of Split School of Medicine in Split, Croatia, and the focus group with patients was conducted at the RODA facilities in Zagreb, Croatia. | F8: Time and place were agreed upon with each participant individually; user testing sessions took place between June and August 2016, usually at the participant’s workplace. | G8: (1) we sent only one link to participants, which included all the required questionnaires and material, to reduce multiple contacts and burden, (2) the online system randomized participants only after collecting all baseline characteristics, (3) responses to all questions were mandatory, and (4) we ensured that no more than 25 minutes were required for completion in total. | H8: Unclear aside from city. 7 Canadian cities (Halifax, Montreal, Ottawa, Winnipeg, Calgary, Edmonton, Vancouver) | I8: Unclear. Mention 'call' so assumption is telephone? | J8: Prototypes were emailed to participants who conducted usability testing using think aloud approach, 60 min interview over the phone. | K8: Telephone surveys. Prototypes were emailed to participants who conducted usability testing using think aloud approach. | L8: 1 Hour user testing interviews in person or via teleconference | M8: All conference calls. 2 focus groups and 3 individual contacts | N8: Summaries were delivered to participants as pre-reading materials one month before the workshop. Participants completed questionnaires on the first day of the guideline development workshop before the panel discussions about guidance recommendations. RCT: workshop in Nairobi. Interviews: in person | O8: In person (given the choice of viewing and testing the prototypes on a laptop) Round 1: 2, 2: 3, 3: 5 | P8: In person focus group scheduled during their lunch period (during an educational CME event) | Q8: In person at workshop/meetings. Two RCTs, first at workshop for newcomer to evidence synthesis, second a meeting for Continental European Cochrane entities. | R8: Semi-structured one on one interview setting | S8: Brainstorming workshops, advisory group feedback, user testing. Assuming it was in person at the events in Norway or the UK | T8: Group presentation in University | U8: In person, video call, or voice (brainstroming workshops, steering committee, interviews face-to-face or by video chat and voice calls)
A9: T8 | B9: When/How Much. Describe the number of times the intervention was delivered and over what period of time including the number of sessions, their schedule, and their duration, intensity, or dose | C9: 3 ENHANCE workshops and 1 MSK workshop | D9: Patient reps: November 2016. Survey sent via e-mail and Facebook and open for 2 weeks. Doctors: January - February 2017. Survey sent directly via email and snowballing from colleagues at hospitals in Zagreb (open for 6 weeks). | E9: Single session of 1 hour. Three focus groups between April and December 2017. | F9: User testing conducted in person face-to-face at each site (3 diff researchers) June - August 2016. 1 session. No time limit detailed | G9: Unclear timing of survey distribution. 1 time survey. 25 minutes max. | H9: One-hour focus group discussions held October 2002 - January 2003 in 7 Canadian cities (Halifax, Montreal, Ottawa, Winnipeg, Calgary, Edmonton, and Vancouver) | I9: The interviews lasted approximately 1 hour and were attended by at least two additional work group members. | J9: 1 time interview | K9: P1: Upon survey completion, telephone interviews were conducted with HCMs and PMs from January to February 2016 by two research coordinators (AMJ) P3: Sessions were conducted by telephone in November 2016 with one research coordinator facilitating the session and a second acting as a note-taker. | L9: 1 time | M9: Unclear duration of focus groups or calls. 1 time thing through (with pre-questionnaires) | N9: RCT: in person between June 21, 2010 (Nairobi, Kenya national guideline development workshop 'child health evidence wek') Interviews: between July and August 2010 | O9: Sessions took between 50 and 60 min to complete the case scenarios, interview and SUS. Three iterative cycles of usability testing were completed and physicians could participate in one cycle of testing only. Two participants took part in the first iteration of testing in July 2013 with the original prototypes (see online supplementary appendix C). These revised prototypes were used in the second iteration of testing which were held in August and September 2013. After three participants finished usability testing, two investigators (LP, MRK) independently coded these transcripts. The modified prototypes were taken into the third iteration of usability testing in January 2014. Five participants took part in usability testing and their transcripts were independently coded by two investigators (LP, MRK) who came to agreement that no new information was being learnt from participants that required major revisions to the prototypes. | P9: Three focus groups were held between December 2011 and January 2012 (Round 1). May 2012 and July 2012( Round 2). | Q9: One time workshop meeting. No followup | R9: Lasted 1 hour. 21 particpants initally, revised summary presented to 13 particpants | S9: For the first set of user tests, we recruited participants attending a Norwegian workshop for newcomers to evidence based practice For the second set of tests, we recruited participants through the Centre for Evidence-Based Medicine in Oxford, UK. Potential participants were identified by the centre, who contacted them by telephone or e-mail. | T9: 30- to 60- minute face-to-face unstructured interviews | U9: None of the users participated in more than one round.
A10: T9 | B10: Tailoring. If the intervention was planned to be personalised, titrated or adapted, then describe what, why, when, and how | C10: None? Presented flowers were related to ES specific to their area of expertise. Questionnaires were modified to be relevant to MSK | D10: Three separate arms. Interevention was tailored to group in that patients didn't get scientific abstract. Doctors were presented all three. The questions were developed by the authors and pilot tested for face validity with three independent experts. | E10: Used summary topics which were familiar to the participants from the RODA group. | F10: Given rising obesity rates in Europe and much public debate on the best means to tackle this pressing public health problem at national and international levels, including through regulation, this topic was considered to be highly relevant for public health decision-makers in Germany, Austria and Switzerland. | G10: None described | H10: The KT strategy was pilot tested between September 2002 and January 2003. Used tobacco use prevention as a topic as it would be 'transferrable across the public health field' | I10: Discussion of interview guide with working group prior to use 'to ensure face vailidity'. Chose rapid products all on one topic for better comparability | J10: Tried to choose relevant topics. Pilot tested the guide with two individuals outside of the reseach team. | K10: No apparent modifications to semi-structured interview. Prototypes were tailored to group membership. Format A [for HCMs] and format B [for PMs]). Health care manager novel format (Format A). Policy maker novel format (Format B) | L10: (10 users for 90 minutes, 10 users for 30-60 minutes) | M10: Unclear. Topic is common and relevant (Acute otis media) | N10: Topics chosen were deemed appropriate for the population. Questionnaires were pilot-tested on two occasions with 18 local researchers and clinicians and refined. Interview questions were pilot-tested with three child health experts and modified prior to use | O10: Topic was relevant to participants | P10: Topic was chosen to be clinically relevant for population (previous paper details voting/selection process). a mock focus group was conducted by the moderator (LP) and co-investigator (MRK) with a group of six volunteers who were non-physicians. | Q10: None described | R10: three pilot user tests with participants from Norwegian government agencies involved in LMIC development projects and made further improvements based on these results | S10: None described | T10: None of note. Topic was common and relevant | U10: Pilots tests were used to first explore the impressions and understanding of the NMA-SoF table as a whole. 6 different formats were tested.
A11: T10 | B11: Modifications. If the intervention was modified during the course of the study, describe the changes (what, why, when, and how) | C11: Feedback refined the quesitonnaire for the STARTMSK workshop and helped revise the flower. The (separate?) flower for the MSK trial was also revised at one point. | D11: None described | E11: None described | F11: we performed one pre-test in each of the participating countries (three in total) with representatives of our target audience with whom we had established ties (Fig. 1). Based on the findings from the pre-tests, we revised the draft summary format and developed the prototype summary format (Additional file 2). | G11: None described | H11: None of note | I11: None described | J11: None described | K11: None apparent. The same interview guide was used for phases 1 and 3 | L11: One format was not used in later rounds because the earlier ones didn't think it was good | M11: Based on group feedback from focus group 1, two additional verisons were created and tested in focus groups 2 and 3 (versions 6 and 7) | N11: None described | O11: Revisions were made between each iteration in order to address issues identified by participants. | P11: An iterative process was used so that the information learned from the first set of focus groups (Round 1) influenced the material presented to the second set of focus groups (Round 2). Changes were made to the prototypes based on the results from focus group round 1 so that the revised prototypes could be presented and discussed in the second round of focus groups. After analysis of transcripts from Round 2, four themes were identified, including ease of use, clarity, brevity, and implementation. Revisions were made to the prototypes based on the results. | Q11: Changed outcome from trial 1 to 2. Intervention itself not modified | R11: Spanish-language versions used in Argentina and Columbia. English used in other countries. After the analysis, the advisory group updated a summary and the participants were given a brief outline of our findings and the old and new summaries by post or e-mail. We asked them to indicate which version of the summary they preferred and why and to comment on the accuracy of our findings. Intervention modified to address (i) participants’ poor conceptual understanding of systematic reviews; (ii) participants’ expectations that they would receive information not found in the systematic reviews; and (iii) participants’ expressed desire for shorter, clearer summaries. To address the poor understanding of the nature of systematic reviews and the type of information they can provide, authors added “information about the information” or meta-information in the form of boxes placed throughout the summaries. To help satisfy participants’ expectation of being provided with information not found in the systematic reviews, auhtors replaced the section for references with a section for “additional information”. Thirdly, authors facilitated rapid scanning of the document by reformatting the text to make it easier to pick out important parts. They reformatted the findings in the text as bullet point items highlighted with blue arrows; divided the part on relevance into a table placed between the findings and the section on the authors’ interpretations; moved the table with the characteristics of the review to the background section, making it possible to restrict background text to key information; and they used a narrower font to reduce document length. | S11: Study design was to refine the intevention and so underwent six revisions (fig 2) | T11: Interevention not modified. Topic was common and relevant | U11: Study design was to refine the intevention and so underwent six revisions (fig 1)
A12: T11 | B12: How Well. Planned: If intervention adherence or fidelity was assessed, describe how and by whom, and if any strategies were used to maintain or improve fidelity, describe them | C12: None described | D12: Adherence or fidelity not assessed. Back button was disabled and IP addresses were tracked so people couldn't go back and read information nor take the survey more than once | E12: Audio recorded | F12: Adherence/fidelity not assessed. Sessions were audio recorded | G12: None described | H12: None described. Audio recording of sessions was done | I12: All interviews were digitally recorded and transcribed verbatim. | J12: None described. Audio recorded and transcribed | K12: None described. Audio recorded and transcribed | L12: Audio recorded | M12: Apparently not audio recorded? | N12: Audio recorded and transcribed | O12: Audio recorded and transcribed | P12: Audio recorded and transcribed. Strategies to enhance rigor and quality were based on Lincoln and Guba’s framework. | Q12: None described | R12: Audio recorded and transcribed. Note-taker too | S12: Audio recorded and transcribed | T12: Not assessed. Not audiorecorded? | U12: Audio recorded and transcribed.
A13: T12 | B13: How Well. Actual: If intervention adherence or fidelity was assessed, describe the extent to which the intervention was delivered as planned | C13: None described | D13: Adherence or fidelity not assessed; no apparent changes during study procedures | E13: None described | F13: Adherence/fidelity not assessed | G13: None described | H13: None described. 1 focus group only had 1 person in it but still went ahead due to pre-scheduling/travel | I13: None described | J13: None described | K13: None described | L13: Not described | M13: Not described | N13: None described | O13: None described | P13: Not described | Q13: None described | R13: Not described | S13: None described | T13: None described | U13: None described

Sheet JBI Qual
A1: JBIQualNum | B1: Item | C1: =BasicExtraction!C2 &BasicExtraction!D2 -> Babatunde2018 | D1: =BasicExtraction!C4 &BasicExtraction!D4 -> Buljan2020 | E1: =BasicExtraction!C5 &BasicExtraction!D5 -> Busert2018 | F1: =BasicExtraction!C7 &BasicExtraction!D7 -> Dobbins2004 | G1: =BasicExtraction!C8 &BasicExtraction!D8 & " & 2016" -> Hartling2017 & 2016 | H1: =BasicExtraction!C9 &BasicExtraction!D9 -> Hartling2018 | I1: =BasicExtraction!C10 &BasicExtraction!D10 -> Marquez2018 | J1: =BasicExtraction!C11 &BasicExtraction!D11 -> Mustafa2015 | K1: =BasicExtraction!C12 &BasicExtraction!D12 -> Newberry2013 | L1: =BasicExtraction!C13 &BasicExtraction!D13 -> Opiyo2013 | M1: =BasicExtraction!C14 &BasicExtraction!D14 -> Perrier2014a | N1: =BasicExtraction!C15 &BasicExtraction!D15 -> Perrier2014b | O1: =BasicExtraction!C17 &BasicExtraction!D17 -> Rosenbaum2011 | P1: =BasicExtraction!C18 &BasicExtraction!D18 -> Rosenbaum2010b | Q1: Steele2021 | R1: =BasicExtraction!C20 &BasicExtraction!D20 & " & Smith 2019" -> Totten2019 & Smith 2019 | S1: =BasicExtraction!C21 &BasicExtraction!D21 -> Yepes-Nunez2019
A2: JBIQual1 | B2: Is there congruity between the stated philosophical perspective and the research methodology? | C2: Unclear | D2: Unclear | E2: Yes | F2: Unclear | G2: Unclear | H2: Unclear | I2: Unclear | J2: Yes | K2: Unclear | L2: Unclear | M2: Unclear | N2: Yes | O2: Unclear | P2: Yes | Q2: Yes | R2: No | S2: Yes
A3: JBIQual2 | B3: Is there congruity between the research methodology and the research question or objectives? | C3: Yes | D3: Yes | E3: Yes | F3: Yes | G3: Yes | H3: Yes | I3: Yes | J3: Yes | K3: Yes | L3: Yes | M3: Yes | N3: Yes | O3: Yes | P3: Yes | Q3: Yes | R3: Unclear | S3: Yes
A4: JBIQual3 | B4: Is there congruity between the research methodology and the methods used to collect data? | C4: No | D4: Yes | E4: Yes | F4: Yes | G4: Yes | H4: Yes | I4: Yes | J4: Yes | K4: Yes | L4: Yes | M4: Yes | N4: Yes | O4: Yes | P4: Yes | Q4: Yes | R4: Yes | S4: Yes
A5: JBIQual4 | B5: Is there congruity between the research methodology and the representation and analysis of data? | C5: No | D5: Unclear | E5: Yes | F5: Yes | G5: Yes | H5: Yes | I5: No | J5: No | K5: No | L5: Yes | M5: No | N5: Yes | O5: Yes | P5: Yes | Q5: Yes | R5: No | S5: Yes
A6: JBIQual5 | B6: Is there congruity between the research methodology and the interpretation of results? | C6: Yes | D6: Yes | E6: Yes | F6: Yes | G6: Yes | H6: Yes | I6: Yes | J6: Unclear | K6: Unclear | L6: Yes | M6: Yes | N6: Yes | O6: Yes | P6: Yes | Q6: Yes | R6: Yes | S6: Yes
A7: JBIQual6 | B7: Is there a statement locating the researcher culturally or theoretically? | C7: No | D7: No | E7: No | F7: Unclear | G7: Yes | H7: No | I7: No | J7: No | K7: No | L7: No | M7: No | N7: No | O7: No | P7: No | Q7: No | R7: No | S7: No
A8: JBIQual7 | B8: Is the influence of the researcher on the research, and vice- versa, addressed? | C8: No | D8: No | E8: No | F8: Yes | G8: No | H8: No | I8: No | J8: No | K8: No | L8: No | M8: No | N8: No | O8: No | P8: No | Q8: Yes | R8: No | S8: No
A9: JBIQual8 | B9: Are participants, and their voices, adequately represented? | C9: Unclear | D9: Unclear | E9: Yes | F9: No | G9: Yes | H9: Yes | I9: No | J9: No | K9: No | L9: Yes | M9: No | N9: Yes | O9: Yes | P9: Yes | Q9: Yes | R9: No | S9: Yes
A10: JBIQual9 | B10: Is the research ethical according to current criteria or, for recent studies, and is there evidence of ethical approval by an appropriate body? | C10: Unclear | D10: Yes | E10: Yes | F10: Yes | G10: Not applicable | H10: Yes | I10: Yes | J10: Yes | K10: Unclear | L10: Yes | M10: Yes | N10: Yes | O10: Unclear | P10: Unclear | Q10: Unclear | R10: Unclear | S10: Yes
A11: JBIQual10 | B11: Do the conclusions drawn in the research report flow from the analysis, or interpretation, of the data? | C11: Unclear | D11: Yes | E11: Yes | F11: Yes | G11: Yes | H11: Yes | I11: Yes | J11: Unclear | K11: Yes | L11: Yes | M11: Yes | N11: Yes | O11: Yes | P11: Yes | Q11: Unclear | R11: Yes | S11: Yes
A12: JBIQual11 | B12: Overal Appraisal | C12: Include | D12: Include | E12: Include | F12: Include | G12: Include | H12: Include | I12: Include | J12: Include | K12: Include | L12: Include | M12: Include | N12: Include | O12: Include | P12: Include | Q12: Include | R12: Include | S12: Include
A13: JBIQual12 | B13: Comments (Including reason for exclusion) | C13: Methodology and results are all over the place. Hard to determine where information is coming from. No biases of researchers described nor real qual methodology, nor analysis | D13: Can't determine who said what/data isn't presented per consumer/focus group; quotes in appendix are minimal | E13: Provides individual quotes in 8 thematic areas | F13: Is knowledge translation strategy a philosophical perspective? 'Moderator worked to maintain empathetic neutrality to avoid elictiing biased responses from participants' | G13: We followed the ethics requirements of the funding agency (Agency for Healthcare Research and Quality) which did not require ethics approval. | I13: Hardly any quotes given | J13: No philosophical perspective given. It's often not possible to determine where the information comes from. | K13: No clear philosophical perspective. Hardly any quotes given. Result presentation are more consistent with presentation of questionnaire results. No apparent ethical approval? | N13: Post-positivist paradigm with targeted and snowball sampling. Quotes included in table. | Q13: I'm not sure the influence of the researcher is addressed. She states that the interviewees knew she wrote the summary, so social desirability bias could be a big factor and there is no detail on she dealt with that. | R13: There is no philosophical perspective and methodology details are scant. There are only 7 participants but quotes are rare. No apparent ethical approval.

Sheet JBI Quant
A1: JBIQuantNum | B1: Item | C1: =BasicExtraction!C3 &BasicExtraction!D3 -> Buljan2018 | D1: =BasicExtraction!C6 &BasicExtraction!D6 -> Carrasco-Labra2016 | E1: =BasicExtraction!C13 &BasicExtraction!D13 -> Opiyo2013 | F1: =BasicExtraction!C16 &BasicExtraction!D16 -> Rosenbaum2010a
A2: JBIQuant1 | B2: Was true randomization used for assignment of participants to treatment groups? | C2: Yes | D2: Yes | E2: Yes | F2: Yes
A3: JBIQuant2 | B3: Was allocation to treatment groups concealed? | C3: Yes | D3: Yes | E3: Yes | F3: Yes
A4: JBIQuant3 | B4: Were treatment groups similar at the baseline? | C4: Unclear | D4: Yes | E4: Not applicable | F4: Unclear
A5: JBIQuant4 | B5: Were participants blind to treatment assignment? | C5: Yes | D5: Yes | E5: Yes | F5: Unclear
A6: JBIQuant5 | B6: Were those delivering treatment blind to treatment assignment? | C6: Yes | D6: Yes | E6: Unclear | F6: Unclear
A7: JBIQuant6 | B7: Were outcomes assessors blind to treatment assignment? | C7: Yes | D7: Yes | E7: Unclear | F7: Unclear
A8: JBIQuant7 | B8: Were treatment groups treated identically other than the intervention of interest? | C8: Yes | D8: Yes | E8: Yes | F8: Yes
A9: JBIQuant8 | B9: Was follow up complete and if not, were differences between groups in terms of their follow up adequately described and analyzed? | C9: Not applicable | D9: Yes | E9: Unclear | F9: Not applicable
A10: JBIQuant9 | B10: Were participants analyzed in the groups to which they were randomized? | C10: Yes | D10: Yes | E10: Yes | F10: Yes
A11: JBIQuant10 | B11: Were outcomes measured in the same way for treatment groups? | C11: Yes | D11: Yes | E11: Yes | F11: Yes
A12: JBIQuant11 | B12: Were outcomes measured in a reliable way? | C12: Yes | D12: Yes | E12: Yes | F12: Unclear
A13: JBIQuant12 | B13: Was appropriate statistical analysis used? | C13: Yes | D13: Yes | E13: Yes | F13: Unclear
... A15: JBIQuant14 | B15: Overall Appraisal | C15: Include | D15: Include | E15: Include | F15: Include
A16: JBIQuant15 | B16: Comments (Including reason for exclusion) | C16: They say that the participant characteristics were similar across groups but the table seems to show some differences. There's no baseline data to judge from (not patients). Some concerns about the appropriateness of the log reg and aggregation; log reg outcome was arbitrarily binarized? | E16: There were professional strata and groups were not supposed to be comparable at baseline

Sheet refs
A1: Yes | B1: Include | C1: JBIQual
A2: No | B2: Exclude | C2: JBIQuant
A3: Unclear | B3: Seek further info | C3: Both
A4: Not applicable
